 Dungeon Crawl Stone Soup version 0.21-a0-404-g291f19a (webtiles) character file.

88 theanonym the Skirmisher (level 4, -4/37 HPs)
             Began as a Formicid Abyssal Knight on Oct 30, 2017.
             Was a Believer of Lugonu.
             Killed by Freeze
             ... invoked by p0werm0de's ghost
              (9 damage)
             ... on level 3 of the Dungeon.
             The game lasted 00:05:54 (2792 turns).

theanonym the Skirmisher (Formicid Abyssal Knight)  Turns: 2792, Time: 00:05:55

Health: -4/37      AC:  3    Str: 22    XL:     4   Next: 82%
Magic:  5/6        EV: 12    Int: 12    God:    Lugonu [**....]
Gold:   128        SH:  8    Dex: 10    Spells: 3/3 levels left

rFire    . . .     SeeInvis +   a - +1 hand axe
rCold    . . .     Gourm    .   g - +0 shield
rNeg     . . .     Faith    .   b - +0 leather armour
rPois    .         Spirit   .   (helmet unavailable)
rElec    .         Reflect  .   (no cloak)
rCorr    .         Harm     .   (no gloves)
MR       .....                  (no boots)
Stlth    +.........             (no amulet)
HPRegen  0.12/turn              e - +5 ring of strength
MPRegen  0.10/turn              h - +3 ring of evasion

@: lethally poisoned (-4 -> -12)
A: permanent stasis, dig shafts and tunnels, four strong arms, antennae 3
a: Dig, Shaft Self, Depart the Abyss, Bend Space, Renounce Religion


You were on level 3 of the Dungeon.
You worshipped Lugonu.
Lugonu was pleased with you.
You were not hungry.

You visited 1 branch of the dungeon, and saw 3 of its levels.
You visited the Abyss 1 time.

You collected 128 gold pieces.

Inventory:

Hand Weapons
 a - a +1 hand axe (weapon)
Armour
 b - a +0 leather armour (worn)
 g - a +0 shield (worn)
   (You found it on level 1 of the Dungeon)
Jewellery
 e - a +5 ring of strength (left hand)
   (You found it on level 1 of the Dungeon)
 h - a +3 ring of evasion (right hand)
   (You found it on level 2 of the Dungeon)
 o - an uncursed ring of protection from cold
   (You found it on level 2 of the Dungeon)
Scrolls
 j - a scroll of immolation {unknown}
 k - a scroll of enchant armour {unknown}
 l - 2 scrolls of fear {!r}
 n - a scroll of amnesia {unknown}
 p - a scroll of remove curse {unknown}
 q - a scroll of teleportation {unknown}
 r - 2 scrolls of identify
Potions
 d - a potion of invisibility
 f - a potion of mutation {unknown}
 m - a potion of ambrosia {unknown}
Comestibles
 c - 5 bread rations
 s - 2 chunks of flesh


   Skills:
 + Level 3.7 Fighting
 * Level 3.2 Axes
 + Level 2.7 Armour
 - Level 0.8 Dodging
 + Level 1.7 Shields
 + Level 2.8 Invocations


You had 3 spell levels left.
You didn't know any spells.

Dungeon Overview and Level Annotations

Branches:
Dungeon (3/15)

Altars:
Sif Muna

Annotations:
D:3 p0werm0de's ghost, amateur OpIE


Innate Abilities, Weirdness & Mutations

You cannot be hasted, slowed, berserked, paralysed or teleported.
You can dig through walls and to a lower floor.
Your four strong arms can wield two-handed weapons with a shield.
You have a pair of large antennae on your head. (SInv)


Message History

You closely miss the jackal. You block the jackal's attack. x2
You slash the jackal!
You kill the jackal!
Lugonu accepts your kill.
No target in view!
No target in view!
You butcher the jackal corpse.
s - 2 chunks of flesh You see here a jackal skeleton. x2
Found a stone staircase leading down.
You regained 2 hp, and now have 27/37 hp.
You start resting.
Health restored: 37
r - 2 scrolls of identify (gained 1)
You open the door.
A goblin comes into view. It is wielding a dagger.
A goblin is nearby!
Found a runed ring mail.
There is an open door here.
P0werm0de's ghost turns its malevolent gaze towards you.
There is an open door here.
There is a stone staircase leading down here.
P0werm0de's ghost shouts, "You must not succeed where I failed!"
You see here a jackal skeleton.
An adder comes into view.
The adder hisses angrily.
There is an open door here.
There is an open door here.
You barely miss the adder. The adder bites you but does no damage.
The adder bites you.
You take 2 damage, and have 35/37 hp.
You completely miss the adder. You block the adder's attack.
The adder bites you.
You take 2 damage, and have 33/37 hp.
You hit the adder but do no damage. The adder bites you.
You are poisoned.
The adder poisons you! You block the adder's attack.
You take 1 damage, and have 32/37 hp.
You miss the adder.
You feel sick.
P0werm0de's ghost whispers, "The ORB doesn't exist."
The adder bites you but does no damage.
You take 1 damage, and have 31/37 hp.
You closely miss the adder. The adder bites you but does no damage.
The adder closely misses you.
Okay, then.
Your shield prevents you from hitting the adder.
You feel sick. You block the adder's attack.
You take 1 damage, and have 30/37 hp.
You miss the adder. The adder barely misses you. The adder bites you.
You take 1 damage, and have 29/37 hp.
You closely miss the adder. The adder bites you. x2
You take 3 damage, and have 26/37 hp.
You miss the adder.
You feel sick. You block the adder's attack.
You closely miss the adder. You block the adder's attack. The adder bites you.
You are more poisoned.
The adder poisons you!
You take 3 damage, and have 23/37 hp.
You closely miss the adder.
You feel sick. You block the adder's attack.
You take 1 damage, and have 22/37 hp.
You barely miss the adder. The adder completely misses you.
The adder barely misses you.
You miss the adder.
You feel sick. The adder closely misses you.
You take 1 damage, and have 21/37 hp.
You hit the adder but do no damage. You block the adder's attack.
The adder bites you.
You take 2 damage, and have 19/37 hp.
You hit the adder. The adder bites you.
* * * LOW HITPOINT WARNING * * *
P0werm0de's ghost says, "I hope the next monster to meet you likes frozen food!"
You take 1 damage, and have 18/37 hp.
You feel sick. The adder bites you.
* * * LOW HITPOINT WARNING * * *
You take 1 damage, and have 17/37 hp.
You feel sick. The adder bites you.
* * * LOW HITPOINT WARNING * * *
You are more poisoned.
The adder poisons you!
You take 5 damage, and have 12/37 hp.
A hound skeleton comes into view.
You feel sick.
You take 1 damage, and have 11/37 hp.
The adder bites you.
* * * LOW HITPOINT WARNING * * *
You are lethally poisoned!
The adder poisons you!
You take 3 damage, and have 8/37 hp.
Space bends around you!
You blink.
* * * LOW HITPOINT WARNING * * *
You feel sick.
You take 3 damage, and have 5/37 hp.
You now have 5/6 mp.
As you read the scroll labeled CUYLAFEMON, it crumbles to dust.
You hear a loud clanging noise!
It was a scroll of noise.
* * * LOW HITPOINT WARNING * * *
You feel sick.
You hear a shout!
You block the goblin's attack. P0werm0de's ghost casts a spell at you.
You are frozen.
You die...

#รท######.##.#
#........##.#
##'#########.####
##...## ##....###
##....W## #.........
##.......##
#..##.###.
#.........####...#.#
'.........'........#
#.........####.W@..#
##.......##
#.g###### ##.....##
#.S...... ##...##
#Z####### ##'## #.#
#.# #.# #.# #.#
##.## #.# ##...##
#.#


You could see p0werm0de's ghost, an adder, a goblin and a hound skeleton.

Vanquished Creatures
  2 adders
  2 oozes
  2 worms (D:2)
  2 dart slugs
  5 giant cockroaches
  4 hobgoblins
  6 jackals
  6 kobolds
  2 quokkas
  2 ball pythons
  7 bats
  4 frilled lizards
  3 goblins
  5 rats
52 creatures vanquished.

Notes
Turn   | Place    | Note
-------+----------+-------------------------------------------
     0 | Abyss:1  | theanonym the Formicid Abyssal Knight began the quest for the Orb.
     0 | Abyss:1  | Reached XP level 1. HP: 18/18 MP: 2/2
    11 | D:1      | Escaped the Abyss
   333 | D:1      | Reached XP level 2. HP: 19/24 MP: 3/3
   773 | D:2      | Reached skill level 1 in Shields
   788 | D:2      | Reached XP level 3. HP: 29/29 MP: 4/4
  1176 | D:2      | Reached ** piety under Lugonu
  1504 | D:2      | Reached XP level 4. HP: 21/36 MP: 6/6
  2113 | D:2      | Reached skill level 3 in Axes
  2173 | D:2      | Found a deep blue altar of Sif Muna.
  2259 | D:3      | Noticed p0werm0de's ghost (amateur OpIE)
  2262 | D:3      | HP: 6/37 [p0werm0de's ghost (10)]
  2791 | D:3      | HP: 5/37 [poisoned by an adder]
  2792 | D:3      | Killed from afar by p0werm0de's ghost

Vault maps used:
D:1:      ncdulo_wetmaze
D:2:      led_sif_pool, first_bread, minivault_24
D:3:      okawaru_gym_becter, gammafunk_temple_overflow_pools

Skill      XL: |  1  2  3  4 |
---------------+-------------+-----
Shields        | 1 |  1.7
Axes           | 3 |  3.2
Fighting       | |  3.7
Armour         | |  2.7
Dodging        | |  0.8
Invocations    | |  2.8

Action                   |  1- 3 |  4- 6 || total
-------------------------+-------+-------++-------
Melee: Hand axe          |   158 |    71 ||   229
Invok: Bend Space        |     1 |     3 ||     4
  Use: Scroll            |     2 |     1 ||     3
       Potion            |     2 |     1 ||     3
  Eat: Chunk             |     2 |     4 ||     6
Armor: Leather armour    |    60 |    18 ||    78
Dodge: Dodged            |    79 |    30 ||   109
Block: Shield            |    64 |    35 ||    99

Table legend:
 A = Spawn XP
 B = Non-spawn XP
 C = Spawn XP percentage of total XP
 D = Spawn monster count
 E = Non-spawn monster count
 F = Spawn count percentage of total count
 G = Total turns spent on level
                    A         B        C        D         E        F      G
               +---------+---------+-------+---------+---------+-------+---------
         Total |       0 |     127 |   0.0 |       0 |      52 |   0.0 |  2792
               +---------+---------+-------+---------+---------+-------+---------
           D:1 |       0 |      38 |   0.0 |       0 |      16 |   0.0 |   881
           D:2 |       0 |      58 |   0.0 |       0 |      28 |   0.0 |  1607
           D:3 |       0 |      31 |   0.0 |       0 |       8 |   0.0 |   293
               +---------+---------+-------+---------+---------+-------+---------
